AoeStats
← JoNaThAn11l11

Arabia

507544710Analyzed
1v1 RM · 12d ago on Sep 18, 2026· 16m 56s· 2 players
Game mode
Random Map
Map size
Tiny (2 player)
Population
200
Speed
Normal
Resources
Standard
Victory
Conquest
Starting age
Dark Age
Ending age
Imperial Age
RankedLock teamsTeams togetherTeam positionsShared explorationLock speedFull tech treeHidden civsTurbo modeCheats
Victory
Defeat
🇨🇴 Lithuanians · Colombia
801
+15
🇩🇪 Persians · Germany
781
-15
SourBeatle3800
7:08 Loom
10:27 Feudal Age
11:06 Double-Bit Axe
11:05 Horse Collar
JoNaThAn11l11
7:07 Loom
9:38 Feudal Age
10:20 Double-Bit Axe
16:32 Wheelbarrow
15:57 Horse Collar
Connection lost

Rejoining the realm…

Still unreachable

The connection could not be restored.

Session expired

The server has moved on; the page needs a fresh start.